 Dungeon Crawl Stone Soup version 0.27-a0-54-g64bdb92e38 (webtiles) character file.

Game seed: 8191340996864198170

8361 Borgoz the Carver (level 11, -1/69 HPs)
             Began as a Gargoyle Berserker on Jan 7, 2021.
             Was the Champion of Trog.
             Slain by an orange demon (9 damage)
             ... summoned by a kobold demonologist
             ... on level 11 of the Dungeon.
             The game lasted 00:17:16 (10726 turns).

Borgoz the Carver (Gargoyle Berserker)             Turns: 10726, Time: 00:17:17

Health: -1/69      AC: -1    Str: 23    XL:     11   Next: 29%
Magic:  11/11      EV: 18    Int: 12    God:    Trog [******]
Gold:   806        SH:  0    Dex: 11    Spells: 10/10 levels left

rFire    . . .     SeeInvis .   b - +10 rapier "Gequcukh" {vorpal, rPois Will+ Str+2 Int+3}
rCold    + . .     Faith    +   (no shield)
rNeg     + . .     Spirit   .   B - +0 scale mail {rC+}
rPois    ∞         Reflect  .   s - +2 helmet
rElec    +         Harm     +   n - scarf {harm}
rCorr    .         Rampage  .   g - +2 pair of gloves
Will     ++...                  (no boots)
Stlth    ..........             f - amulet of faith
HPRegen  0.21/turn              t - ring of willpower
MPRegen  0.12/turn              u - +4 ring of evasion

@: weakened, corroded
A: negative energy resistance 1, electricity resistance, unbreathing,
petrification resistance, miasma immunity, AC +8
a: Renounce Religion, Berserk, Trog's Hand, Brothers in Arms


You were on level 11 of the Dungeon.
You worshipped Trog.
Trog was exalted by your worship.
You visited 2 branches of the dungeon, and saw 12 of its levels.

You collected 806 gold pieces.

Inventory:

Hand Weapons
 a - a +2 vorpal long sword
 b - the +10 rapier "Gequcukh" (weapon) {vorpal, rPois Will+ Str+2 Int+3}
   (You found it on level 6 of the Dungeon)

   It inflicts extra damage upon your enemies.
   It affects your strength (+2).
   It affects your intelligence (+3).
   It protects you from poison.
   It affects your willpower, your defense against some magical effects.
Armour
 g - a +2 pair of gloves (worn)
 n - a scarf of harm (worn)
 s - a +2 helmet (worn)
 B - a +0 scale mail of cold resistance (worn)
Jewellery
 f - an amulet of faith (around neck)
 i - an uncursed amulet of reflection
 t - a ring of willpower (left hand)
 u - a +4 ring of evasion (right hand)
 E - an uncursed amulet of the acrobat
 H - an uncursed ring of protection from cold {unknown}
Wands
 h - a wand of digging (4)
 j - a wand of flame (26)
 l - a wand of iceblast (10)
 p - a wand of paralysis (3)
 x - a wand of random effects (17)
 G - a wand of polymorph (8)
Scrolls
 k - 7 scrolls of teleportation
 o - 2 scrolls of fear
 r - a scroll of enchant weapon
 w - 4 scrolls of blinking
 y - 4 scrolls of remove curse
 z - a scroll of identify
 A - a scroll of brand weapon {unknown}
 F - a scroll of vulnerability {unknown}
Potions
 c - 8 potions of curing
 d - 5 potions of ambrosia
 e - a potion of mutation
 m - a potion of might
 q - 4 potions of heal wounds {unknown}
 v - a potion of cancellation
 C - a potion of flight
 D - 2 potions of haste {unknown}


   Skills:
 + Level 8.5 Fighting
 * Level 9.6 Long Blades
 + Level 7.9 Armour
 * Level 8.6 Dodging


You had 10 spell levels left.
You didn't know any spells.
Your spell library was empty.

Dungeon Overview and Level Annotations

Branches:
Dungeon (11/15)            Temple (1/1) D:7            Lair (0/6) D:10
    Orc (0/2) D:10

Altars:
Ashenzari
Cheibriados
Dithmenos
Elyvilon
Fedhas
Gozag
Hepliaklqana
Kikubaaqudgha
Makhleb
Nemelex Xobeh
Okawaru
Qazlal
Ru
Sif Muna
Trog
Uskayaw
Vehumet
Wu Jian
Xom
Yredelemnul
Zin
The Shining One
Beogh


Innate Abilities, Weirdness & Mutations

You are resistant to torment.
Your stone body is resilient. (AC +8)
You are immune to poison.
You resist negative energy. (rN+)
You are resistant to electric shocks. (rElec)
You can survive without breathing.
You are immune to petrification.
You are immune to miasma.


Message History

The ufetubus completely misses you.
You hit the kobold demonologist but do no damage.
The kobold demonologist is severely wounded.
The kobold demonologist closely misses you.
The rust devil misses you. The big kobold misses you. The ufetubus misses you.
The ufetubus barely misses you. The orange demon barely misses you.
The orange demon hits you.
* * * LOW HITPOINT WARNING * * *
The crimson imp barely misses you.
You feel better. The ufetubus barely misses you.
The ufetubus closely misses you.
The kobold demonologist hits you but does no damage.
The orc priest mumbles some strange prayers to Beogh against you.
Beogh smites you!
* * * LOW HITPOINT WARNING * * *
The rust devil hits you.
* * * LOW HITPOINT WARNING * * *
The rust devil corrodes you! The big kobold closely misses you.
The orange demon misses you. The orange demon hits you!
You die...

...... ................
########..............>.
........................
#.......#.......#.......
....#......#............
.#.....#.....#(.........
....#....#....#.†5o.....
#...#...#...#.(5#43.....
.#..#..#..#..#.4@KKo....
#.#.#.#.#.#†#.#5#Ko.....
##.###.##.##.##.#Ko.....
##[# #( ##.###.##o......
#### ## #.## #. .......
# ### $# ....... ##
....... .......


You could see a soul eater (summoned), an orange demon (summoned), a rust devil
(summoned), a kobold demonologist, a big kobold, an orc priest, 2 orc wizards, a
crimson imp (summoned), a white imp (summoned), 2 orcs, an ufetubus (summoned)
and 2 kobolds.

Vanquished Creatures
  An unseen horror (D:10)
  The ghost of Borgoz the Covered, a novice HaFi (D:6)
  An elephant (D:10)
  Psyche (D:9)
  4 yaks (D:11)
  4 wyverns
  A wraith (D:11)
  A basilisk (D:10)
  2 vampire mosquitoes (D:8)
  A water moccasin (D:11)
  2 ice beasts
  A black bear (D:10)
  8 orc warriors (D:10)
  3 phantoms
  2 sky beasts
  A necrophage (D:9)
  6 ogres
  7 centaurs
  A big kobold (D:11)
  6 bullfrogs
  A wyvern skeleton (D:7)
  4 scorpions
  3 wights (D:8)
  An electric eel (D:9)
  3 howler monkeys
  2 bullfrog zombies
  A quasit (D:7)
  2 hounds
  A gnoll shaman (D:4)
  5 orc priests
  Crazy Yiuf (D:6)
  A centaur skeleton (D:7)
  10 orc wizards
  10 worker ants
  A hound zombie (D:5)
  A hound skeleton (D:7)
  19 gnolls
  15 adders
  A white imp (D:6)
  An ufetubus (D:8)
  2 oozes
  An adder skeleton (D:4)
  A worm (D:2)
  5 leopard geckos
  49 orcs
  7 giant cockroaches
  6 goblins
  11 hobgoblins
  10 jackals
  11 kobolds
  9 quokkas
  8 bats
  9 frilled lizards
  A jackal zombie (D:9)
  A leopard gecko skeleton (D:5)
  A quokka zombie (D:5)
  8 rats
277 creatures vanquished.

Vanquished Creatures (others)
  A fungus (D:6)
  14 plants (D:4)
15 creatures vanquished.

Grand Total: 292 creatures vanquished

Notes
Turn   | Place    | Note
-------+----------+-------------------------------------------
     0 | D:1      | Borgoz the Gargoyle Berserker began the quest for the Orb.
     0 | D:1      | Reached XP level 1. HP: 14/14 MP: 1/1
   147 | D:1      | Reached XP level 2. HP: 19/19 MP: 2/2
   478 | D:1      | Reached skill level 3 in Long Blades
   682 | D:1      | Reached XP level 3. HP: 15/23 MP: 3/3
  1087 | D:2      | Noticed a centaur
  1094 | D:2      | Killed a centaur
  1095 | D:2      | Reached XP level 4. HP: 29/29 MP: 4/4
  1099 | D:2      | Reached ** piety under Trog
  1100 | D:2      | Reached XP level 5. HP: 33/33 MP: 5/5
  1422 | D:2      | Reached skill level 4 in Long Blades
  1565 | D:2      | Reached XP level 6. HP: 37/38 MP: 6/6
  1800 | D:3      | Reached *** piety under Trog
  2748 | D:4      | Reached XP level 7. HP: 44/44 MP: 7/7
  2869 | D:4      | Reached **** piety under Trog
  3407 | D:5      | Entered Level 5 of the Dungeon
  3480 | D:5      | Reached skill level 5 in Long Blades
  3776 | D:5      | Reached skill level 5 in Fighting
  3778 | D:5      | Reached XP level 8. HP: 49/49 MP: 8/8
  4347 | D:5      | Reached skill level 6 in Long Blades
  4347 | D:5      | Reached skill level 5 in Dodging
  4811 | D:6      | Reached ***** piety under Trog
  4812 | D:6      | Reached skill level 5 in Armour
  4987 | D:6      | Found a basalt altar of Yredelemnul.
  5001 | D:6      | Found a runed translucent door.
  5002 | D:6      | Noticed Borgoz's ghost (novice HaFi)
  5034 | D:6      | Found a sparkling altar of Nemelex Xobeh.
  5240 | D:6      | Reached XP level 9. HP: 54/55 MP: 9/9
  5584 | D:6      | Killed Borgoz's ghost
  5596 | D:6      | Got a shimmering rapier
  5603 | D:6      | Identified the +10 rapier "Gequcukh" {vorpal, rPois Will+
                  | Str+2 Int+3} (You found it on level 6 of the Dungeon)
  5685 | D:6      | Found a runed translucent door.
  5686 | D:6      | Noticed Crazy Yiuf
  5691 | D:6      | Killed Crazy Yiuf
  6021 | D:7      | Reached skill level 7 in Long Blades
  6716 | D:7      | Found a staircase to the Ecumenical Temple.
  6854 | Temple   | Entered the Ecumenical Temple
  7296 | D:8      | Found a sacrificial altar of Ru.
  7372 | D:8      | Reached XP level 10. HP: 60/63 MP: 10/10
  7432 | D:8      | Reached skill level 8 in Long Blades
  7750 | D:8      | Found an ancient bone altar of Kikubaaqudgha.
  8021 | D:9      | Noticed Psyche
  8029 | D:9      | Killed Psyche
  8865 | D:10     | Entered Level 10 of the Dungeon
  8960 | D:10     | Found a staircase to the Lair.
  8960 | D:10     | Noticed an elephant
  8973 | D:10     | Killed an elephant
  9383 | D:10     | Killed an unseen horror
  9384 | D:10     | Reached skill level 9 in Long Blades
  9638 | D:10     | Got a faintly glowing mace
  9719 | D:10     | Found a roughly hewn altar of Beogh.
  9750 | D:10     | Reached XP level 11. HP: 52/68 MP: 11/11
  9792 | D:10     | Reached ****** piety under Trog
 10018 | D:10     | Identified the +9 mace "Giusan" {vorpal, Str+3 Dex+7} (You
                  | found it on level 10 of the Dungeon)
 10079 | D:10     | Found a staircase to the Orcish Mines.
 10088 | D:10     | Found a roughly hewn altar of Beogh.
 10707 | D:11     | Received a gift from Trog
 10724 | D:11     | Noticed a soul eater
 10726 | D:11     | Slain by an orange demon

Illustrated notes

Levels and vault maps discovered:
D:1:      dpeg_arrival_long_road, layout_loops_corners
D:2:      layout_basic, minmay_tripent
D:3:      layout_basic
D:4:      layout_loops_ring, serial_forest, infiniplex_forest_clump_medium,
          infiniplex_forest_clump_curved, infiniplex_forest_clump_medium,
          infiniplex_forest_lined_2, infiniplex_forest_straight_3,
          infiniplex_forest_lined_corner, infiniplex_forest_clump_double
D:5:      minmay_general_purpose_star, layout_basic, minmay_joined_circles
D:6:      layout_rooms, basic_altar, serial_curves, eino_curves_02,
          eino_curves_03, ebering_ghost_inner_flame, nemelex_dance_club_becter,
          uniq_crazy_yiuf_cottage
D:7:      layout_basic, minmay_temple_entry_drinking_statues, grunt_potential
D:8:      layout_gridville, nicolae_overflow_crystal_walls, tgw_kikubaaqudgha
D:9:      layout_irregular_city, nrook_pool_corridor, minivault_1, uniq_psyche
D:10:     layout_cave_pods, david_lair_generic, minmay_orc_entry_temple_small,
          special_room [special_room_orc]
D:11:     layout_irregular_city, minmay_increasing_density
Temple:   roderic_octagonal_lattice_temple

Skill      XL: |  1  2  3  4  5  6  7  8  9 10 |
---------------+-------------------------------+-----
Long Blades    | 3 4 5 6 7 9 |  9.6
Dodging        | 2 3 4 5 6 8 |  8.6
Armour         | 3 4 5 6 7 |  7.9
Fighting       | 4 5 7 8 |  8.5

Action                   |  1- 3 |  4- 6 |  7- 9 | 10-12 || total
-------------------------+-------+-------+-------+-------++-------
Melee: Falchion          |    65 |   280 |   314 |       ||   659
       Long sword        |       |       |    36 |       ||    36
       Rapier            |       |       |   112 |   271 ||   383
Invok: Berserk           |       |     2 |     5 |       ||     7
  Use: Scroll            |     2 |     3 |    13 |     6 ||    24
       Potion            |       |     1 |       |     2 ||     3
Armor: Animal skin       |     9 |       |       |       ||     9
       Scale mail        |    44 |   171 |   234 |   133 ||   582
Dodge: Dodged            |    66 |   170 |   234 |   217 ||   687
       Rpst.: Falchion   |    22 |    46 |    53 |       ||   121
       Long sword        |       |       |     7 |       ||     7

Table legend: (Time is in decaauts)
 A = Elapsed time spent in this place.
 B = Non-inter-level travel time spent in this place.
 C = Inter-level travel time spent in this place.
 D = Time resting spent in this place.
 E = Time spent auto-exploring this place.
 F = Levels seen in this place.
 G = Mean time per level.
                   A        B        C        D        E       F      G
               +--------+--------+--------+--------+--------+-----+--------+
         Total |  10799 |  10287 |    512 |   1275 |   6839 |  12 |  899.9 |
       Dungeon |  10569 |  10077 |    492 |   1275 |   6630 |  11 |  960.8 |
        Temple |    229 |    209 |     20 |      0 |    209 |   1 |  229.0 |
               +--------+--------+--------+--------+--------+-----+--------+

Top non-repeatable levels by time:
    D:10: 1537 daAuts
     D:5: 1301 daAuts
     D:4: 1115 daAuts
     D:7: 1104 daAuts
     D:6: 1095 daAuts
     D:1: 1046 daAuts
     D:9: 965 daAuts
     D:8: 787 daAuts
     D:3: 683 daAuts
     D:2: 627 daAuts
    D:11: 304 daAuts
  Temple: 229 daAuts
